 Dungeon Crawl Stone Soup version bcrawl-1.14.2-1-gc900083943 (webtiles) character file.

Game seed: 11762991851241293515

32204 MisterOstroum the Jinx (level 13, -18/69 HPs)
             Began as a Spriggan Arcane Marksman on Sept 21, 2019.
             Was a High Priest of Okawaru.
             Demolished by an anaconda (20 damage)
             ... on level 1 of the Snake Pit.
             The game lasted 01:31:44 (19933 turns).

MisterOstroum the Jinx (Spriggan Arcane Marksman)  Turns: 19933, Time: 01:31:45

Health: -18/69     AC:  2    Str: 14    XL:     13   Next: 30%
Magic:  18/26      EV: 20    Int: 14    God:    Okawaru [*****.]
Gold:   1059       SH: 10    Dex: 18    Spells: 18/28 levels left

rFire    . . .     SeeInvis +   b - +1 hand crossbow
rCold    + . .     Gourm    .   t - +1 buckler of Inevitability {rC+}
rNeg     . . .     Faith    .   T - +0 robe of the Vacuum {MR+}
rPois    .         Spirit   .   (helmet restricted)
rElec    +         Reflect  +   (no cloak)
rCorr    .         Harm     .   (gloves unavailable)
MR       +++..                  (boots unavailable)
Stlth    +++++.....             N - +4 amulet of reflection
HPRegen  0.21/turn              q - ring of insulation
MPRegen  0.20/turn              s - +4 ring of strength

@: constricted, very quick
A: very small, unfitting armour, see invisible, herbivore, speed 3, slow
metabolism 2
a: Heroism, Finesse, Renounce Religion


You were on level 1 of the Snake Pit.
You worshipped Okawaru.
Okawaru was extremely pleased with you.
You were not hungry.

You visited 5 branches of the dungeon, and saw 18 of its levels.
You also visited: Sewer.

You collected 1059 gold pieces.

Inventory:

Hand Weapons
 a - a +0 dagger
 b - a +1 hand crossbow (weapon)
 c - a +6 blowgun
 i - a +0 hunting sling
Missiles
 f - 683 bolts (quivered)
 k - 3280 stones
 y - 767 poisoned needles
 C - 506 tomahawks
 R - a throwing net {!f!f}
 Z - 13 curare-tipped needles
Armour
 t - the +1 buckler of Inevitability (worn) {rC+}
   (Okawaru gifted it to you on level 5 of the Lair of Beasts)

   It protects you from cold.
 K - a +2 robe of cold resistance
 T - the +0 robe of the Vacuum (worn) {MR+}
   (Okawaru gifted it to you on level 1 of the Lair of Beasts)

   It affects your resistance to hostile enchantments.
Jewellery
 n - a +3 ring of evasion
 q - a ring of insulation (left hand)
 s - a +4 ring of strength (right hand)
 x - an uncursed ring of flight
 N - a +4 amulet of reflection (around neck)
Wands
 E - a wand of enslavement (8)
 H - a wand of polymorph (29)
 P - a wand of acid (3)
 Q - a wand of digging (9)
 S - a wand of paralysis (5)
Scrolls
 d - 11 scrolls of remove curse {@r2}
 m - a scroll of enchant armour
 o - 2 scrolls of fog {!r}
 p - 5 scrolls of fear
 r - a scroll of blinking {@r4}
 v - 3 scrolls of magic mapping
 w - 2 scrolls of enchant weapon
 G - 6 scrolls of teleportation {@r3 !r}
 M - 3 scrolls of amnesia
Potions
 h - a potion of might {unknown}
 j - 9 potions of curing {@q1 !q}
 l - a potion of resistance {unknown}
 u - a potion of berserk rage {unknown}
 z - 3 potions of flight
 A - 3 potions of lignification
 B - 2 potions of haste {@q4 !q}
 F - 2 potions of agility
 I - 2 potions of degeneration {unknown}
 J - a potion of brilliance {unknown}
 W - 4 potions of magic
 X - a potion of mutation
Miscellaneous
 D - a lamp of fire
Comestibles
 e - 17 rations {!d}


   Skills:
 * Level 8.4 Fighting
 - Level 8.1 Short Blades
 - Level 10.0 Crossbows
 + Level 7.8 Dodging
 - Level 10.0 Stealth
 - Level 8.0 Spellcasting
 + Level 10.4 Hexes
 - Level 6.5 Invocations
 - Level 8.2 Evocations


You had 18 spell levels left.
You knew the following spells:

 Your Spells              Type           Power        Failure   Level  Hunger
a - Corona                Hex            ####...      1%          1    None
b - Shackle               Hex            ####....     1%          2    None
c - Cause Fear            Hex            ####......   3%          4    ####...
d - Inner Flame           Hex/Fire       N/A          8%          3    ##.....

Your spell library contained the following spells:

 Spells                   Type           Power        Failure   Level  Hunger
 False Image              Hex/Summ       ###.....     8%          3    ##.....
 Freeze                   Ice            #.....       22%         1    None
 Yara's Violent Unravell  Hex/Tmut       ###.......   26%         4    ####...
 Throw Frost              Conj/Ice       #.....       32%         2    None
 Call Canine Familiar     Summ           #.......     54%         3    ##.....
 Ozocubu's Armour         Chrm/Ice       #.......     54%         3    ##.....
 Metabolic Englaciation   Hex/Ice        ###.......   56%         5    #####..
 Summon Mana Viper        Hex/Summ       ###.....     56%         5    #####..
 Ice Form                 Ice/Tmut       #.......     91%         4    ####...
 Summon Ice Beast         Ice/Summ       #.......     91%         4    ####...
 Throw Icicle             Conj/Ice       #.......     91%         4    ####...
 Bolt of Cold             Conj/Ice       #.........   100%        6    #######
 Freezing Cloud           Ice/Air        #.........   100%        6    #######
 Ozocubu's Refrigeration  Ice            #.........   100%        6    #######
 Simulacrum               Ice/Necr       #.........   100%        6    #######
 Summon Hydra             Summ           #.........   100%        6    #######


Dungeon Overview and Level Annotations

Branches:
Dungeon (10/12)            Temple (1/1) D:4            Lair (5/6) D:8
  Snake (1/3) Lair:3        Slime (0/5) Lair:5          Orc (1/1) D:9
    Elf (0/3) Orc
  Swamp: Lair:2-4    Shoals: Lair:2-4

Altars:
Ashenzari
Cheibriados
Dithmenos
Elyvilon
Fedhas
Gozag
Hepliaklqana
Kikubaaqudgha
Lugonu
Makhleb
Nemelex Xobeh
Okawaru
Qazlal
Ru
Sif Muna
Trog
Uskayaw
Vehumet
Wu Jian
Xom
Yredelemnul
Zin
The Shining One
Jiyva

Shops:
D:7 %   D:10 [

Annotations:
D:8 exclusion: statue
D:10 exclusions: door and 1 more exclusion
Lair:3 3 runed translucent doors, Sadonosm's ghost, journeyman DgSk
Lair:4 Harold; Rupert


Innate Abilities, Weirdness & Mutations

You are very small and have problems with some larger weapons.
You are too small for most types of armour.
You have supernaturally acute eyesight. (SInv)
You are a herbivore.
You cover ground extremely quickly.
You need to consume almost no food.


Message History

Confirm with . or Enter, or press ? or * to list all spells.
Aiming: Corona (safe; 1% risk of failure)
Press: ? - help, Shift-Dir - straight line, f/p - anaconda
Aim: an anaconda (moderately wounded, softly glowing, shackled, chance to defeat MR: 56%)
The anaconda resists with significant effort.
Firing (i - inventory. (/) - cycle)
f - 690 bolts (quivered)
Press: ? - help, Shift-Dir - straight line, f/p - anaconda
Aim: an anaconda (moderately wounded, softly glowing, shackled)
You shoot a bolt. The bolt hits the anaconda!
The anaconda is lightly wounded.
The anaconda stops glowing.
Firing (i - inventory. (/) - cycle)
f - 689 bolts (quivered)
Press: ? - help, Shift-Dir - straight line, f/p - anaconda
Aim: an anaconda (moderately wounded, shackled)
You shoot a bolt. The bolt misses the anaconda. x2
Firing (i - inventory. (/) - cycle)
f - 688 bolts (quivered)
Press: ? - help, Shift-Dir - straight line, f - anaconda
Aim: an anaconda (lightly wounded, shackled)
You shoot a bolt. The bolt barely misses the anaconda.
Firing (i - inventory. (/) - cycle)
f - 687 bolts (quivered)
Press: ? - help, Shift-Dir - straight line, f/p - anaconda
Aim: an anaconda (lightly wounded, shackled)
You shoot a bolt. The bolt hits the anaconda!
The anaconda is moderately wounded.
Firing (i - inventory. (/) - cycle)
f - 686 bolts (quivered)
Press: ? - help, Shift-Dir - straight line, f/p - anaconda
Aim: an anaconda (moderately wounded, shackled)
You shoot a bolt. The bolt hits the anaconda!
The anaconda is heavily wounded.
Firing (i - inventory. (/) - cycle)
f - 685 bolts (quivered)
Press: ? - help, Shift-Dir - straight line, f/p - anaconda
Aim: an anaconda (heavily wounded, shackled)
You shoot a bolt. The bolt hits the anaconda!
The anaconda is severely wounded.
Firing (i - inventory. (/) - cycle)
f - 684 bolts (quivered)
Press: ? - help, Shift-Dir - straight line, f/p - anaconda
Aim: an anaconda (severely wounded, shackled)
You shoot a bolt. The bolt closely misses the anaconda.
The bolt hits the anaconda.
The anaconda is severely wounded.
Casting: Corona (safe; 1% risk of failure)
Confirm with . or Enter, or press ? or * to list all spells.
Aiming: Shackle (safe; 1% risk of failure)
Press: ? - help, Shift-Dir - straight line, f/p - anaconda
Aim: an anaconda (severely wounded, shackled, chance to defeat MR: 56%)
The anaconda resists with significant effort.
Unknown command.
Unknown command.
Casting: Shackle (safe; 1% risk of failure)
Confirm with . or Enter, or press ? or * to list all spells.
Aiming: Shackle (safe; 1% risk of failure)
Press: ? - help, Shift-Dir - straight line, f/p - anaconda
Aim: an anaconda (severely wounded, shackled, chance to defeat MR: 56%)
The anaconda resists with significant effort.
Casting: Shackle (safe; 1% risk of failure)
Confirm with . or Enter, or press ? or * to list all spells.
Aiming: Shackle (safe; 1% risk of failure)
Press: ? - help, Shift-Dir - straight line, f - anaconda
Aim: an anaconda (lightly wounded, chance to defeat MR: 56%)
The anaconda resists with significant effort.
The anaconda completely misses you. You block the anaconda's attack.
The anaconda grabs you. The anaconda misses you. The anaconda constricts you.
You escape the anaconda's grasp.
Things that are here:
a +3 hand axe; a naga corpse
Casting: Shackle (safe; 1% risk of failure)
Confirm with . or Enter, or press ? or * to list all spells.
Aiming: Shackle (safe; 1% risk of failure)
Press: ? - help, Shift-Dir - straight line, f/p - anaconda
Aim: an anaconda (lightly wounded, chance to defeat MR: 56%)
The anaconda resists with significant effort.
The anaconda grabs you. The anaconda bites you!
* * * LOW HITPOINT WARNING * * *
x2 The anaconda constricts you.
The anaconda completely misses you.
* * * LOW HITPOINT WARNING * * *
The anaconda constricts you.
The anaconda's grasp on you weakens, but your attempt to escape fails.
You block the anaconda's attack.
* * * LOW HITPOINT WARNING * * *
The anaconda constricts you. The anaconda bites you.
* * * LOW HITPOINT WARNING * * *
x2 The anaconda constricts you.
You escape the anaconda's grasp.
Casting: Shackle (safe; 1% risk of failure)
Confirm with . or Enter, or press ? or * to list all spells.
Okay, then.
Really quaff
g - a potion of heal wounds {@q2 !q}?
You feel much better. The anaconda grabs you. You block the anaconda's attack.
The anaconda constricts you. You block the anaconda's attack.
The anaconda constricts you.
The anaconda's grasp on you weakens, but your attempt to escape fails.
The anaconda bites you!
* * * LOW HITPOINT WARNING * * *
x2 The anaconda constricts you.
The anaconda misses you.
* * * LOW HITPOINT WARNING * * *
The anaconda constricts you.
You escape the anaconda's grasp.
There is a staircase back to the Lair here.
The anaconda grabs you. The anaconda bites you!!
You die...

##.....##......#.........
#.....##..............#.
##....##...........####.
##...##......#...#####..
#..##..##...###..## #...
#..##.####.###....###...
#..##.#######......###.)
#..##....####.....##....
#..†...@S.##......[#....
#.........##............
#...........#.......###.
#...........#......## #)
#............###..## #.
#..........##...### #.
#..........####......###
#........... .......##.
#.........#...#.#######.


You could see an anaconda.

Vanquished Creatures
  6 hydras
  Erolcha (D:10)
  A catoblepas (Lair:5)
  4 death yaks (Lair:5)
  Sonja (Lair:4)
  An orc knight (D:9)
  2 ugly things
  A manticore (D:10)
  A centaur zombie (D:8)
  A salamander (Snake:1)
  A torpor snail (Lair:5)
  5 black mambas
  4 cane toads
  2 centaur skeletons (D:5)
  A rime drake (Lair:4)
  2 komodo dragons
  A merfolk (D:9)
  A troll (D:9)
  2 hornets (Lair:4)
  A slime creature (D:6)
  18 blink frogs
  13 dream sheep (Lair:4)
  3 hippogriffs
  A meliai zombie (D:8)
  A shadow (D:9)
  21 yaks
  A hungry ghost (D:8)
  9 water moccasins
  4 nagas
  An ice beast (D:9)
  9 porcupines
  4 orc warriors
  3 sky beasts
  5 ogres
  An eye of draining (D:9)
  2 phantoms
  5 necrophages (Lair:5)
  2 centaurs (D:10)
  4 crocodiles
  A big kobold (Sewer)
  5 bullfrogs
  3 scorpions
  A howler monkey (D:5)
  7 crimson imps
  2 jellies
  A bullfrog zombie (D:6)
  A gnoll shaman (D:7)
  A bullfrog skeleton (D:4)
  4 orc wizards
  3 orc priests
  3 hounds
  4 iguanas
  11 worker ants
  Terence (D:3)
  2 hound skeletons
  A worker ant zombie (D:5)
  9 adders
  7 gnolls
  A river rat (Sewer)
  2 oozes
  An adder skeleton (D:7)
  An adder zombie (D:5)
  4 worms (D:3)
  2 dart slugs
  6 leopard geckos
  31 orcs
  2 ball pythons
  3 bats (D:1)
  4 giant cockroaches
  7 goblins
  12 hobgoblins
  17 jackals
  5 quokkas
  4 frilled lizards
  A jackal skeleton (D:4)
  10 kobolds
  11 rats
337 creatures vanquished.

Vanquished Creatures (others)
  A bush (Lair:4)
  8 fungi
  8 plants
17 creatures vanquished.

Grand Total: 354 creatures vanquished

Notes
Turn   | Place    | Note
-------+----------+-------------------------------------------
     0 | D:1      | MisterOstroum the Spriggan Arcane Marksman began the quest
                  | for the Orb.
     0 | D:1      | Reached XP level 1. HP: 9/9 MP: 5/5
   147 | D:1      | Reached skill level 1 in Fighting
   547 | D:1      | Reached XP level 2. HP: 14/14 MP: 6/6
   654 | D:1      | Learned a level 2 spell: Shackle
   681 | D:1      | Reached skill level 1 in Stealth
  1230 | D:2      | Reached XP level 3. HP: 18/18 MP: 8/8
  1422 | D:2      | Found a hazy altar of Hepliaklqana.
  1769 | D:2      | Found a shadowy altar of Dithmenos.
  1861 | D:2      | Found a faded altar of an unknown god.
  1907 | D:2      | Reached XP level 4. HP: 22/23 MP: 6/9
  2507 | D:3      | Found a glowing drain.
  2516 | Sewer    | Entered a sewer
  2822 | Sewer    | Noticed a big kobold
  2884 | Sewer    | Killed a big kobold
  2884 | Sewer    | Reached XP level 5. HP: 26/26 MP: 3/10
  3094 | Sewer    | Found a white marble altar of Elyvilon.
  3495 | D:3      | Noticed Terence
  3547 | D:3      | Killed Terence
  3821 | D:3      | Reached skill level 5 in Stealth
  4095 | D:4      | Reached XP level 6. HP: 30/30 MP: 6/13
  4317 | D:4      | Learned a level 4 spell: Cause Fear
  5036 | D:4      | Found a shimmering blue altar of Sif Muna.
  5071 | D:4      | Reached skill level 5 in Spellcasting
  5089 | D:4      | Reached XP level 7. HP: 35/35 MP: 10/15
  5136 | D:4      | Found a staircase to the Ecumenical Temple.
  5143 | Temple   | Entered the Ecumenical Temple
  5233 | Temple   | Became a worshipper of Warmaster Okawaru
  5617 | D:4      | Found a burning altar of Makhleb.
  5781 | D:5      | Entered Level 5 of the Dungeon
  5901 | D:5      | Reached * piety under Okawaru
  5901 | D:5      | Reached skill level 5 in Hexes
  6173 | D:5      | Reached XP level 8. HP: 16/40 MP: 18/18
  6523 | D:5      | Reached skill level 1 in Evocations
  6917 | D:6      | Reached skill level 1 in Invocations
  6980 | D:6      | Noticed a slime creature
  7067 | D:6      | Killed a slime creature
  7067 | D:6      | Reached ** piety under Okawaru
  7717 | D:6      | Found a bloodstained altar of Trog.
  7720 | D:6      | Found an ancient bone altar of Kikubaaqudgha.
  7723 | D:6      | Found a glowing golden altar of the Shining One.
  8075 | D:7      | Reached XP level 9. HP: 44/44 MP: 14/21
  8173 | D:7      | Reached *** piety under Okawaru
  8578 | D:7      | Reached skill level 5 in Crossbows
  8731 | D:7      | Learned a level 3 spell: Inner Flame
  9011 | D:7      | Found Xogexant's Food Boutique.
  9461 | D:8      | Reached skill level 5 in Dodging
  9563 | D:8      | Found a staircase to the Lair.
  9718 | D:8      | Reached **** piety under Okawaru
  9718 | D:8      | Reached skill level 5 in Fighting
 10176 | D:8      | Reached XP level 10. HP: 53/53 MP: 21/23
 10289 | D:8      | Found a radiant altar of Vehumet.
 10695 | D:9      | Found a sacrificial altar of Ru.
 10737 | D:9      | Reached skill level 1 in Short Blades
 10871 | D:9      | Noticed a brown ugly thing
 10907 | D:9      | Killed a brown ugly thing
 11144 | D:9      | Found a staircase to the Orcish Mines.
 11245 | D:9      | Noticed an orc knight
 11293 | D:9      | Killed an orc knight
 11293 | D:9      | Reached ***** piety under Okawaru
 11367 | D:9      | Reached skill level 5 in Evocations
 12007 | Lair:1   | Entered Level 1 of the Lair of Beasts
 12033 | Lair:1   | Reached XP level 11. HP: 56/56 MP: 20/24
 12183 | Lair:1   | Received a gift from Okawaru
 12184 | Lair:1   | Got a smoking robe {god gift}
 12195 | Lair:1   | Identified the +0 robe of the Vacuum {MR+} (Okawaru gifted
                  | it to you on level 1 of the Lair of Beasts)
 13201 | Lair:2   | Noticed a four-headed hydra
 13322 | Lair:2   | Reached skill level 5 in Invocations
 13386 | Lair:2   | Noticed a six-headed hydra
 13590 | Lair:2   | Killed a four-headed hydra
 13887 | Lair:2   | Killed a six-headed hydra
 13887 | Lair:2   | Reached skill level 5 in Short Blades
 14112 | Lair:3   | Received a gift from Okawaru
 14227 | Lair:3   | Found a runed translucent gate.
 14227 | Lair:3   | Found a runed translucent gate.
 14227 | Lair:3   | Found a runed translucent gate.
 14231 | Lair:3   | Noticed Sadonosm's ghost (journeyman DgSk)
 14231 | Lair:3   | Noticed a nine-headed hydra
 14452 | Lair:3   | Found a staircase to the Snake Pit.
 15095 | Lair:4   | Received a gift from Okawaru
 15116 | Lair:4   | Reached XP level 12. HP: 61/61 MP: 18/25
 15170 | Lair:4   | Received a gift from Okawaru
 15178 | Lair:4   | Noticed Sonja
 15329 | Lair:4   | Killed Sonja
 15637 | Lair:4   | Reached skill level 10 in Stealth
 15765 | Lair:4   | Reached skill level 10 in Crossbows
 15800 | Lair:4   | Received a gift from Okawaru
 16063 | Lair:4   | Noticed Rupert
 16091 | Lair:4   | Noticed Harold
 16300 | Lair:4   | Noticed a four-headed hydra
 16321 | Lair:4   | Noticed an eight-headed hydra
 16328 | Lair:4   | Killed a four-headed hydra
 16328 | Lair:4   | Received a gift from Okawaru
 16340 | Lair:4   | Killed an eight-headed hydra
 16511 | Lair:5   | Received a gift from Okawaru
 16582 | Lair:5   | Noticed a six-headed hydra
 16601 | Lair:5   | Killed a six-headed hydra
 16682 | Lair:5   | Noticed a five-headed hydra
 16746 | Lair:5   | Killed a five-headed hydra
 16746 | Lair:5   | Received a gift from Okawaru
 16754 | Lair:5   | Got a crude buckler {god gift}
 16760 | Lair:5   | Identified the +1 buckler of Inevitability {rC+} (Okawaru
                  | gifted it to you on level 5 of the Lair of Beasts)
 16900 | Lair:5   | Noticed a catoblepas
 17205 | Lair:5   | Noticed a death yak
 17206 | Lair:5   | Noticed a death yak
 17206 | Lair:5   | Noticed a death yak
 17207 | Lair:5   | Noticed a death yak
 17328 | Lair:5   | Killed a death yak
 17516 | Lair:5   | Killed a death yak
 17591 | Lair:5   | Killed a catoblepas
 17703 | Lair:5   | Killed a death yak
 17703 | Lair:5   | Reached XP level 13. HP: 57/67 MP: 26/26
 17954 | Lair:5   | Reached skill level 10 in Hexes
 18229 | Lair:5   | Found a viscous altar of Jiyva.
 18230 | Lair:5   | Found a staircase to the Slime Pits.
 18425 | D:10     | Entered Level 10 of the Dungeon
 18529 | D:10     | Noticed Erolcha
 18533 | D:10     | Killed Erolcha
 18655 | D:10     | Found Gironeh's Armour Shoppe.
 19172 | Orc      | Entered the Orcish Mines
 19175 | Orc      | Found a staircase to the Elven Halls.
 19381 | Snake:1  | Entered Level 1 of the Snake Pit
 19913 | Snake:1  | HP: 3/69 [anaconda (3)]
 19928 | Snake:1  | HP: 2/69 [anaconda (2)]
 19933 | Snake:1  | Demolished by an anaconda

Skill      XL: |  1  2  3  4  5  6  7  8  9 10 11 12 13 |
---------------+----------------------------------------+-----
Fighting       | 1 2 3 6 7 8 |  8.4
Crossbows      | 2 3 4 5 7 9 10 | 10.0
Stealth        | 2 3 4 5 6 9 10 | 10.0
Spellcasting   | 4 5 6 7 8 |  8.0
Hexes          | 4 5 7 8 9 10 | 10.4
Evocations     | 3 5 6 8 |  8.2
Invocations    | 3 5 6 |  6.5
Dodging        | 5 6 7 |  7.8
Short Blades   | 2 5 8 |  8.1

Action                   |  1- 3 |  4- 6 |  7- 9 | 10-12 | 13-15 || total
-------------------------+-------+-------+-------+-------+-------++-------
Melee: Dagger            |    29 |    68 |    69 |    33 |    21 ||   220
       Short sword       |       |       |       |       |     2 ||     2
 Fire: Hand crossbow     |    95 |    84 |   386 |   936 |   182 ||  1683
       Blowgun           |       |    80 |    38 |    47 |     3 ||   168
       Hunting sling     |       |       |       |     8 |       ||     8
Throw: Stone             |       |    11 |       |     3 |     1 ||    15
 Cast: Corona            |     7 |    24 |    47 |    85 |    13 ||   176
       Shackle           |     1 |    26 |    26 |   122 |    23 ||   198
       Cause Fear        |       |       |     5 |     3 |     3 ||    11
Invok: Heroism           |       |       |     2 |    22 |     2 ||    26
       Finesse           |       |       |       |     1 |       ||     1
Evoke: Wand              |       |       |       |     1 |       ||     1
  Use: Scroll            |       |     4 |     3 |    11 |     5 ||    23
       Potion            |       |     1 |       |       |     5 ||     6
 Stab: Sleeping          |     1 |     3 |       |     6 |     2 ||    12
       Distracted        |       |       |     1 |       |       ||     1
  Eat: Ration            |       |     1 |     2 |     1 |     1 ||     5
Armor: Robe              |     1 |     5 |    10 |     7 |       ||    23
Dodge: Dodged            |    41 |    87 |   139 |   112 |    46 ||   425
Block: Other             |       |       |     2 |     8 |       ||    10
       Reflection        |       |       |     1 |     1 |     3 ||     5
       Buckler           |       |       |       |    21 |    41 ||    62
